 Dungeon Crawl Stone Soup version 0.31-a0-1522-g43313d8a59 (webtiles) character file.

Game seed: 5081690482695743155

14 AstroCodex24 the Shield-Bearer (level 2, -2/25 HPs)
             Began as a Demigod Fighter on Dec 30, 2023.
             Succumbed to an adder's poison
             ... on level 2 of the Dungeon.
             The game lasted 00:01:03 (183 turns).

AstroCodex24 the Shield-Bearer (Demigod Fighter)     Turns: 183, Time: 00:01:04

Health: -2/25      AC:  6    Str: 17    XL:     2   Next: 18%
Magic:  4/4        EV:  9    Int: 10    God:
Gold:   32         SH:  4    Dex: 13    Spells: 1/1 levels left

rFire   . . .        a - +0 war axe
rCold   . . .        c - +0 buckler
rNeg    . . .        b - +0 scale mail
rPois   .            (no helmet)
rElec   .            (no cloak)
rCorr   .            (no gloves)
SInv    .            (no boots)
Will    .....        (no amulet) Stlth
                     (no ring)
HPRegen 0.24/turn    (no ring)
MPRegen 0.09/turn

%: no passive effects
@: lethally poisoned (-2 -> -8)
A: high MP 1, forlorn, divine attributes
a: no special abilities


You were on level 2 of the Dungeon.
You visited 1 branch of the dungeon, and saw 2 of its levels.

You collected 32 gold pieces.

Inventory:

Hand Weapons
 a - a +0 war axe (weapon)
Armour
 b - a +0 scale mail (worn)
 c - a +0 buckler (worn)
Scrolls
 e - a scroll of summoning {unknown}
 f - a scroll of teleportation {unknown}
Potions
 d - a potion of might


   Skills:
 + Level 2.9 Fighting
 + Level 2.0 Axes
 + Level 2.9 Armour
 + Level 2.9 Shields


You had one spell level left.
You didn't know any spells.
Your spell library contained the following spells:

 Spells                   Type           Power      Damage    Failure   Level
 Sandblast                Erth           0%         2d4       86%         1
 Passwall                 Erth           0%         N/A       99%         3
 Stone Arrow              Conj/Erth      0%         3d7       99%         3
 Brom's Barrelling Bould  Conj/Erth      0%         2d3       100%        4


Dungeon Overview and Level Annotations

Branches:
Dungeon (2/15)


Innate Abilities, Weirdness & Mutations

You have an increased reservoir of magic. (+10% MP)
You shall have no god before yourself.
Your divine heritage dramatically boosts your attributes as you level up.


Message History

The endoplasm hits you but does no damage.
You have reached level 2!
You barely miss the ball python. You hit the endoplasm.
The bat hits you but does no damage. The ball python bites you.
The ball python grabs you. The ball python constricts you.
The endoplasm freezes you.
You are frozen.
The ball python bites you but does no damage.
The ball python constricts you.
You slash the ball python!
You kill the ball python!
You hit the endoplasm but do no damage. The bat hits you.
The endoplasm jiggles.
The endoplasm freezes you.
You are frozen.
* * * LOW HITPOINT WARNING * * *
The endoplasm freezes you.
You are frozen.
* * * LOW HITPOINT WARNING * * *
The frilled lizard barely misses you.
Unknown command.
You slash the endoplasm!
You kill the endoplasm!
You hit the frilled lizard.
You kill the frilled lizard!
The bat hits you but does no damage. You block the adder's attack.
The bat closely misses you.
You see here a ball python corpse.
You hit the adder.
The adder is moderately wounded.
You hit the bat.
You kill the bat!
The adder bites you.
* * * LOW HITPOINT WARNING * * *
You are lethally poisoned!
The adder poisons you! The adder barely misses you.
Your Axes skill increases to level 2!
You barely miss the adder.
The adder is moderately wounded.
You die...

# .. ####### ...
.##.....## ..#
.........## ...#.
......(..@###......
.......<.†Sr.......
.........†##.......
..........# .......
..........# #......
..........# #...##
.........## ####
.##...(.## #######


You could see an adder and a rat.

Vanquished Creatures
  2 ball pythons (D:2)
  2 bats
  2 endoplasms
  2 goblins
  2 quokkas
  2 frilled lizards (D:2)
  A kobold (D:1)
  A rat (D:1)
14 creatures vanquished.

Notes
Turn   | Place    | Note
-------+----------+-------------------------------------------
     0 | D:1      | AstroCodex24 the Demigod Fighter began the quest for the
                  | Orb.
     0 | D:1      | Reached XP level 1. HP: 18/18 MP: 3/3
   178 | D:2      | Reached XP level 2. HP: 16/25 MP: 4/4
   182 | D:2      | HP: 1/25 [adder (2)]
   183 | D:2      | Succumbed to an adder's poison

Illustrated notes

Levels and vault maps discovered:
D:1:      minmay_arrival_arboretum_small, layout_loops_cross
D:2:      layout_rooms, minmay_divided_ellipse

Skill      XL: |  1  2 |
---------------+-------+-----
Axes           | 2 |  2.0
Fighting       | |  2.9
Armour         | |  2.9
Shields        | |  2.9

Action                     || total
---------------------------++-------
  Melee: War axe           ||    21
 Armour: Scale mail        ||    32
  Dodge: Dodged            ||    19
  Block: Buckler           ||     8

Table legend: (Time is in decaauts)
 A = Elapsed time spent in this place.
 B = Non-inter-level travel time spent in this place.
 C = Inter-level travel time spent in this place.
 D = Time resting spent in this place.
 E = Time spent auto-exploring this place.
 F = Levels seen in this place.
 G = Mean time per level.
                   A        B        C        D        E       F      G
               +--------+--------+--------+--------+--------+-----+--------+
         Total |    191 |    191 |      0 |      0 |      0 |   2 |   95.5 |
       Dungeon |    191 |    191 |      0 |      0 |      0 |   2 |   95.5 |
               +--------+--------+--------+--------+--------+-----+--------+

Top non-repeatable levels by time:
     D:1: 172 daAuts
     D:2: 19 daAuts
